WINNIPEG Jets vs DALLAS Stars

Created - 14 avril 2024 at 19:49

Goals
1 2 3 T
WINNIPEG Jets 0 3 2 5
DALLAS Stars 0 0 1 1
Shots
1 2 3 T
WINNIPEG Jets 12 8 15 35
DALLAS Stars 14 6 6 26

1st period

No Goal

Penalties :
Ryan Suter (DAL) for Tripping (Minor) at 1:11, Rasmus Dahlin (WPG) for Tripping (Minor) at 7:02

2nd period

1. WINNIPEG Jets , Tim Stutzle 33 (Troy Terry 22, Trevor van Riemsdyk 27) at 9:19
2. WINNIPEG Jets , Troy Terry 14 (Travis Sanheim 43, Tim Stutzle 35) at 11:39
3. WINNIPEG Jets , Evan Bouchard 19 (Travis Sanheim 44, Nick Suzuki 39) at 12:11

Penalties :
Travis Sanheim (WPG) for Cross-checking (Minor) at 1:39

3rd period

4. WINNIPEG Jets , Rasmus Dahlin 24 (Alexander Kerfoot 16, Clayton Keller 28) at 0:23
5. WINNIPEG Jets , Logan Couture 29 (Tim Stutzle 36, Travis Sanheim 45) at 2:41 (PP)
6. DALLAS Stars , Juuso Valimaki 11 (Cam Atkinson 15, Ryan Suter 40) at 3:32

Penalties :
Ryan Suter (DAL) for High sticking (Minor) at 0:45, Brandon Hagel (WPG) for Tripping (Minor) at 11:06

Goalie Stats

Jeremy Swayman (WPG), 25 saves from 26 shots - (0,962), W, 41-29-8, 60:00 minutes
Carter Hart (DAL), 5 saves from 7 shots - (0,714), 8:44 minutes
Matthew Villalta (DAL), 25 saves from 28 shots - (0,893), L, 6-33-1, 51:16 minutes

Players Stats for WINNIPEG Jets

Player Name              G  A  P  +/- PIM S  H  SB GA TA FO     MP     PP MP  PK MP  
------------------------------------------------------------------------------------
Alexander Kerfoot        0  1  1   1  0   2  1  0  0  0  1/3    19:53   0:00   3:44 
Brandon Hagel            0  0  0   0  2   3  2  0  0  0  1/3    18:26   2:13   0:00 
Brian Dumoulin           0  0  0  -1  0   1  0  0  0  0  0/0    23:17   0:00   3:48 
Clayton Keller           0  1  1   1  0   2  2  0  0  0  0/0    18:22   2:13   0:00 
Evan Bouchard            1  0  1   2  0   4  1  1  0  0  0/0    16:35   1:48   0:16 
Ilya Mikheyev            0  0  0   0  0   1  1  0  0  0  0/0     6:25   0:00   2:13 
Jaden Schwartz           0  0  0   0  0   0  0  0  0  0  0/0     4:12   0:00   0:00 
Kaapo Kakko              0  0  0   0  0   0  0  0  0  0  0/0     0:00   0:00   0:00 
Logan Couture            1  0  1   1  0   4  0  0  0  0  16/24  17:51   1:42   0:00 
Mathew Barzal            0  0  0   0  0   1  0  0  0  0  2/5    22:08   1:42   0:00 
Miro Heiskanen           0  0  0  -1  0   1  3  0  0  0  0/0    21:36   2:07   0:00 
Nick Suzuki              0  1  1   0  0   2  2  0  0  0  19/36  21:45   2:13   3:18 
Radek Faksa              0  0  0   2  0   1  1  0  0  0  8/15   15:46   0:00   2:13 
Rasmus Dahlin            1  0  1   2  2   4  4  1  0  0  0/0    20:11   1:48   2:16 
Tim Stutzle              1  2  3   2  0   3  3  1  0  0  0/0    15:15   1:42   0:00 
Travis Sanheim           0  3  3   2  2   1  2  0  0  0  0/0    18:59   2:07   2:22 
Trevor van Riemsdyk      0  1  1   2  0   0  0  1  0  0  0/0    19:20   0:00   3:12 
Troy Terry               1  1  2   2  0   5  1  0  0  0  0/0    13:59   0:00   0:26 

Players Stats for DALLAS Stars

Player Name              G  A  P  +/- PIM S  H  SB GA TA FO     MP     PP MP  PK MP  
------------------------------------------------------------------------------------
Alexander Radulov        0  0  0   0  0   0  0  0  0  0  5/11    8:03   0:00   0:18 
Aliaksei Protas          0  0  0  -2  0   0  0  0  0  0  0/1    24:09   3:22   2:47 
Andreas Johnsson         0  0  0   0  0   0  1  0  0  0  0/0     7:45   0:00   0:00 
Ben Hutton               0  0  0  -1  0   1  2  2  0  0  0/0    17:56   2:37   2:03 
Brendan Gallagher        0  0  0  -1  0   0  0  0  0  0  0/1    15:37   0:00   1:08 
Cam Atkinson             0  1  1   0  0   1  0  0  0  0  0/1     9:54   0:00   0:00 
Conor Timmins            0  0  0  -1  0   2  2  2  0  0  0/0    21:25   2:37   1:52 
Darren Raddysh           0  0  0  -1  0   1  4  0  0  0  0/0    16:56   0:00   0:00 
Emil Bemstrom            0  0  0  -1  0   3  0  0  0  0  0/1    17:04   2:35   0:00 
Grigori Denisenko        0  0  0   0  0   1  0  0  0  0  1/6    13:36   3:22   2:29 
Jesperi Kotkaniemi       0  0  0  -1  0   5  4  1  0  0  16/31  17:51   3:22   0:00 
Juuso Valimaki           1  0  1  -1  0   2  1  4  0  0  0/0    25:08   3:20   1:52 
Nicklas Backstrom        0  0  0   0  0   1  0  0  0  0  0/1     9:54   0:00   0:00 
Paul Cotter              0  0  0   0  0   0  0  0  0  0  1/4     9:54   0:00   0:00 
Peyton Krebs             0  0  0  -2  0   3  3  0  0  0  13/24  20:35   2:35   0:00 
Ryan Suter               0  1  1  -1  4   1  1  1  0  0  0/0    23:14   3:20   0:00 
Sean Walker              0  0  0  -1  0   0  3  0  0  0  0/0    15:19   0:00   2:03 
Sonny Milano             0  0  0  -2  0   5  2  1  0  0  3/5    21:43   2:35   1:08 

3 Stars

1 - Tim Stutzle (WPG)
2 - Troy Terry (WPG)
3 - Travis Sanheim (WPG)

Power Play

WINNIPEG Jets - 1 on 2 Attempt(s) - 50,00%
DALLAS Stars - 0 on 3 Attempt(s) - 0,00%

Penalty Kill

WINNIPEG Jets - 3 on 3 Attempt(s) - 100,00% - Score 0 goal in Penalty Kill
DALLAS Stars - 1 on 2 Attempt(s) - 50,00% - Score 0 goal in Penalty Kill

Team Stat

WINNIPEG Jets - Hits : 23 - Faceoff Wins : 47 - Blocked Shots : 4 - Penalty Minutes : 6
DALLAS Stars - Hits : 23 - Faceoff Wins : 39 - Blocked Shots : 11 - Penalty Minutes : 4

Official

Referees : Bill Hetherington and Kendrick Nicholson
Linesman : Kendall Hanley and Greg Devorski

Game Notes

Carter Hart enters game at 11:39 of 2nd period
Matthew Villalta enters game at 0:23 of 3rd period

Finance

Level 1 -- Attendance: 4311 (66,32%) -- Ticket Income $517,320
Level 2 -- Attendance: 3411 (56,85%) -- Ticket Income $231,948
Level 3 -- Attendance: 1941 (48,53%) -- Ticket Income $65,994
Level 4 -- Attendance: 2179 (48,42%) -- Ticket Income $65,370
Luxury Box -- Attendance: 750 (75,00%) -- Ticket Income $165,000
Game was played at the American Airlines Center.
Total Attendance: 12592 (57,24%)
Total Ticket Income: $1,045,632
Other Income: $261,408
Total Income: $1,307,040

WINNIPEG Jets

5 vs 5 Forward 
   Center                   Left Wing                Right Wing               Time % Phy DF OF 
 1 Nick Suzuki              Brandon Hagel            Mathew Barzal            35     1   2  2  
 2 Logan Couture            Alexander Kerfoot        Clayton Keller           30     1   2  2  
 3 Radek Faksa              Tim Stutzle              Troy Terry               25     1   2  2  
 4 Mathew Barzal            Jaden Schwartz           Ilya Mikheyev            10     2   2  1  

5 vs 5 Defense 
   Defense                  Defense                                           Time % Phy DF OF 
 1 Miro Heiskanen           Brian Dumoulin                                    40     1   2  2  
 2 Trevor van Riemsdyk      Rasmus Dahlin                                     30     1   2  2  
 3 Travis Sanheim           Evan Bouchard                                     20     1   2  2  
 4 Travis Sanheim           Evan Bouchard                                     10     1   2  2  

PowerPlay Forward 
   Center                   Left Wing                Right Wing               Time % Phy DF OF 
 1 Nick Suzuki              Brandon Hagel            Clayton Keller           60     1   2  2  
 2 Logan Couture            Tim Stutzle              Mathew Barzal            40     1   2  2  

PowerPlay Defense
   Defense                  Defense                                           Time % Phy DF OF 
 1 Rasmus Dahlin            Evan Bouchard                                     60     1   2  2  
 2 Miro Heiskanen           Travis Sanheim                                    40     1   2  2  

Penalty Kill 4 Players Forward 
   Center                   Wing                     Time % Phy DF OF 
 1 Nick Suzuki              Alexander Kerfoot        60     1   2  2  
 2 Radek Faksa              Ilya Mikheyev            40     1   2  2  

Penalty Kill 4 Players Defense
   Defense                  Defense                  Time % Phy DF OF 
 1 Brian Dumoulin           Trevor van Riemsdyk      60     1   2  2  
 2 Travis Sanheim           Rasmus Dahlin            40     1   2  2  

Penalty Kill - 3 Players Forward 
   Forward                                           Time % Phy DF OF 
 1 Logan Couture                                     60     1   2  2  
 2 Nick Suzuki                                       40     1   2  2  

Penalty Kill - 3 Players Defense
   Defense                  Defense                  Time % Phy DF OF 
 1 Rasmus Dahlin            Miro Heiskanen           60     1   2  2  
 2 Evan Bouchard            Brian Dumoulin           40     1   2  2  

4 vs 4 Forward 
   Center                   Wing                     Time % Phy DF OF 
 1 Mathew Barzal            Brandon Hagel            60     1   2  2  
 2 Radek Faksa              Jaden Schwartz           40     1   2  2  

4 vs 4 Defense
   Defense                  Defense                  Time % Phy DF OF 
 1 Trevor van Riemsdyk      Travis Sanheim           60     1   2  2  
 2 Evan Bouchard            Brian Dumoulin           40     1   2  2  

Last Minutes Offensive
   Center                   Left Wing                Right Wing               Defense                  Defense                  
   Logan Couture            Clayton Keller           Mathew Barzal            Rasmus Dahlin            Miro Heiskanen           

Last Minutes Defensive
   Center                   Left Wing                Right Wing               Defense                  Defense                  
   Logan Couture            Clayton Keller           Alexander Kerfoot        Brian Dumoulin           Trevor van Riemsdyk      

Goaltenders
Starting : Jeremy Swayman           
Backup : Pavel Francouz           

Extra Forwards
Normal : Troy Terry, Nick Suzuki, Alexander Kerfoot - PP : Troy Terry, Nick Suzuki - PK : Troy Terry
Extra Defensemen
Normal : Brian Dumoulin, Trevor van Riemsdyk, Travis Sanheim - PP : Brian Dumoulin - PK : Brian Dumoulin, Trevor van Riemsdyk
Penalty Shots
Clayton Keller, Tim Stutzle, Brandon Hagel, Logan Couture, Nick Suzuki

Scratches
None

DALLAS Stars

5 vs 5 Forward 
   Center                   Left Wing                Right Wing               Time % Phy DF OF 
 1 Peyton Krebs             Sonny Milano             Aliaksei Protas          35     1   2  2  
 2 Jesperi Kotkaniemi       Emil Bemstrom            Brendan Gallagher        30     1   2  2  
 3 Paul Cotter              Nicklas Backstrom        Cam Atkinson             20     1   2  2  
 4 Alexander Radulov        Andreas Johnsson         Grigori Denisenko        15     1   2  2  

5 vs 5 Defense 
   Defense                  Defense                                           Time % Phy DF OF 
 1 Juuso Valimaki           Ryan Suter                                        40     1   1  3  
 2 Darren Raddysh           Conor Timmins                                     30     1   2  2  
 3 Sean Walker              Ben Hutton                                        20     2   2  1  
 4 Conor Timmins            Darren Raddysh                                    10     1   2  2  

PowerPlay Forward 
   Center                   Left Wing                Right Wing               Time % Phy DF OF 
 1 Jesperi Kotkaniemi       Grigori Denisenko        Aliaksei Protas          60     1   2  2  
 2 Peyton Krebs             Sonny Milano             Emil Bemstrom            40     1   2  2  

PowerPlay Defense
   Defense                  Defense                                           Time % Phy DF OF 
 1 Juuso Valimaki           Ryan Suter                                        60     1   2  2  
 2 Ben Hutton               Conor Timmins                                     40     1   1  3  

Penalty Kill 4 Players Forward 
   Center                   Wing                     Time % Phy DF OF 
 1 Grigori Denisenko        Aliaksei Protas          60     1   2  2  
 2 Sonny Milano             Brendan Gallagher        40     1   2  2  

Penalty Kill 4 Players Defense
   Defense                  Defense                  Time % Phy DF OF 
 1 Ben Hutton               Sean Walker              60     1   2  2  
 2 Conor Timmins            Juuso Valimaki           40     1   2  2  

Penalty Kill - 3 Players Forward 
   Forward                                           Time % Phy DF OF 
 1 Grigori Denisenko                                 60     1   2  2  
 2 Aliaksei Protas                                   40     1   2  2  

Penalty Kill - 3 Players Defense
   Defense                  Defense                  Time % Phy DF OF 
 1 Darren Raddysh           Ryan Suter               60     1   2  2  
 2 Sean Walker              Ben Hutton               40     1   2  2  

4 vs 4 Forward 
   Center                   Wing                     Time % Phy DF OF 
 1 Jesperi Kotkaniemi       Emil Bemstrom            60     1   2  2  
 2 Peyton Krebs             Brendan Gallagher        40     1   2  2  

4 vs 4 Defense
   Defense                  Defense                  Time % Phy DF OF 
 1 Darren Raddysh           Juuso Valimaki           60     1   2  2  
 2 Conor Timmins            Ryan Suter               40     1   2  2  

Last Minutes Offensive
   Center                   Left Wing                Right Wing               Defense                  Defense                  
   Peyton Krebs             Grigori Denisenko        Aliaksei Protas          Conor Timmins            Juuso Valimaki           

Last Minutes Defensive
   Center                   Left Wing                Right Wing               Defense                  Defense                  
   Grigori Denisenko        Aliaksei Protas          Brendan Gallagher        Darren Raddysh           Ryan Suter               

Goaltenders
Starting : Matthew Villalta         
Backup : Carter Hart              

Extra Forwards
Normal : Aliaksei Protas, Peyton Krebs, Alexander Radulov - PP : Aliaksei Protas, Peyton Krebs - PK : Alexander Radulov
Extra Defensemen
Normal : Sean Walker, Juuso Valimaki, Conor Timmins - PP : Sean Walker - PK : Juuso Valimaki, Conor Timmins
Penalty Shots
Aliaksei Protas, Jesperi Kotkaniemi, Sonny Milano, Nicklas Backstrom, Peyton Krebs

Scratches
Zach Senyshyn (Healthy)

% Time on Ice - WINNIPEG Jets

Lines # - Real PCT - Wanted PCT - Time Play
Normal Forward
1 - 32% - 35% - 16:14
2 - 32% - 30% - 16:09
3 - 27% - 25% - 13:33
4 - 8% - 10% - 4:12
Normal Defense
1 - 39% - 40% - 19:29
2 - 32% - 30% - 16:08
3 - 21% - 20% - 10:18
4 - 8% - 10% - 4:13
PP Forward
1 - 57% - 60% - 2:13
2 - 43% - 40% - 1:42
PP Defense
1 - 46% - 60% - 1:48
2 - 54% - 40% - 2:07
PK Forward
1 - 63% - 60% - 3:44
2 - 37% - 40% - 2:13
PK Defense
1 - 35% - 60% - 2:04
2 - 65% - 40% - 3:53
PK3 Forward
1 - 0% - 60%
2 - 0% - 40%
PK3 Defense
1 - 0% - 60%
2 - 0% - 40%
44 Forward
1 - 0% - 60%
2 - 0% - 40%
44 Defense
1 - 0% - 60%
2 - 0% - 40%
Last Minute Offensive  - 0:00
Last Minute Defensive  - 0:00
Total
Forward - 60:00
Defense - 60:00

% Time on Ice - DALLAS Stars

Lines # - Real PCT - Wanted PCT - Time Play
Normal Forward
1 - 36% - 35% - 18:00
2 - 29% - 30% - 14:29
3 - 20% - 20% - 9:54
4 - 15% - 15% - 7:45
Normal Defense
1 - 40% - 40% - 19:56
2 - 29% - 30% - 14:26
3 - 26% - 20% - 13:16
4 - 5% - 10% - 2:30
PP Forward
1 - 57% - 60% - 3:22
2 - 43% - 40% - 2:35
PP Defense
1 - 56% - 60% - 3:20
2 - 44% - 40% - 2:37
PK Forward
1 - 71% - 60% - 2:47
2 - 29% - 40% - 1:08
PK Defense
1 - 52% - 60% - 2:03
2 - 48% - 40% - 1:52
PK3 Forward
1 - 0% - 60%
2 - 0% - 40%
PK3 Defense
1 - 0% - 60%
2 - 0% - 40%
44 Forward
1 - 0% - 60%
2 - 0% - 40%
44 Defense
1 - 0% - 60%
2 - 0% - 40%
Last Minute Offensive  - 0:00
Last Minute Defensive  - 0:00
Total
Forward - 60:00
Defense - 60:00

Play-by-Play

1st period


0:01 of 1st period - Peyton Krebs wins face-off versus Nick Suzuki in neutral zone.
0:08 of 1st period - Off-side.
0:09 of 1st period - Logan Couture wins face-off versus Jesperi Kotkaniemi in neutral zone.
0:26 of 1st period - Jesperi Kotkaniemi is hit by Rasmus Dahlin and loses puck.
0:59 of 1st period - Icing by Trevor van Riemsdyk.
1:00 of 1st period - Peyton Krebs wins face-off versus Logan Couture in WINNIPEG Jets zone.
1:03 of 1st period - Shot by Peyton Krebs.
1:03 of 1st period - Stopped by Jeremy Swayman without a rebound.
1:04 of 1st period - Radek Faksa wins face-off versus Alexander Radulov in WINNIPEG Jets zone.
1:04 of 1st period - Radek Faksa is hit by Andreas Johnsson.
1:11 of 1st period - Minor Penalty to Ryan Suter for Tripping.
1:12 of 1st period - Grigori Denisenko wins face-off versus Nick Suzuki in DALLAS Stars zone.
1:12 of 1st period - Grigori Denisenko is hit by Brandon Hagel.
2:08 of 1st period - Shot by Evan Bouchard.
2:08 of 1st period - Stopped by Matthew Villalta without a rebound.
2:09 of 1st period - Logan Couture wins face-off versus Sonny Milano in DALLAS Stars zone.
2:32 of 1st period - Shot by Tim Stutzle.
2:32 of 1st period - Shot Misses the Net.
2:34 of 1st period - Shot by Tim Stutzle.
2:34 of 1st period - Stopped by Matthew Villalta with a rebound.
2:40 of 1st period - Shot by Rasmus Dahlin.
2:40 of 1st period - Shot Misses the Net.
2:42 of 1st period - Shot by Rasmus Dahlin.
2:42 of 1st period - Stopped by Matthew Villalta without a rebound.
2:43 of 1st period - Nick Suzuki wins face-off versus Grigori Denisenko in DALLAS Stars zone.
3:06 of 1st period - Shot by Clayton Keller.
3:06 of 1st period - Shot Hit the Post.
3:08 of 1st period - Shot by Clayton Keller.
3:08 of 1st period - Shot Misses the Net.
3:10 of 1st period - Shot by Travis Sanheim.
3:10 of 1st period - Shot Blocked by Conor Timmins.
3:39 of 1st period - Shot by Troy Terry.
3:39 of 1st period - Stopped by Matthew Villalta without a rebound.
3:40 of 1st period - Mathew Barzal wins face-off versus Jesperi Kotkaniemi in DALLAS Stars zone.
4:01 of 1st period - Brian Dumoulin is hit by Jesperi Kotkaniemi and loses puck.
4:11 of 1st period - Off-side.
4:12 of 1st period - Alexander Kerfoot wins face-off versus Sonny Milano in neutral zone.
4:17 of 1st period - Shot by Logan Couture.
4:17 of 1st period - Shot Misses the Net.
5:33 of 1st period - Shot by Mathew Barzal.
5:33 of 1st period - Shot Misses the Net.
5:44 of 1st period - Grigori Denisenko is hit by Miro Heiskanen and loses puck.
6:18 of 1st period - Icing by Alexander Radulov.
6:19 of 1st period - Alexander Radulov wins face-off versus Radek Faksa in DALLAS Stars zone.
6:19 of 1st period - Alexander Radulov is hit by Radek Faksa.
7:02 of 1st period - Minor Penalty to Rasmus Dahlin for Tripping.
7:03 of 1st period - Peyton Krebs wins face-off versus Nick Suzuki in WINNIPEG Jets zone.
7:14 of 1st period - Shot by Sonny Milano.
7:14 of 1st period - Shot Misses the Net.
7:28 of 1st period - Shot by Emil Bemstrom.
7:28 of 1st period - Stopped by Jeremy Swayman without a rebound.
7:29 of 1st period - Nick Suzuki wins face-off versus Jesperi Kotkaniemi in WINNIPEG Jets zone.
7:29 of 1st period - Alexander Kerfoot is hit by Jesperi Kotkaniemi and loses puck.
7:38 of 1st period - Shot by Ryan Suter.
7:38 of 1st period - Shot Blocked by Trevor van Riemsdyk.
7:40 of 1st period - Shot by Jesperi Kotkaniemi.
7:40 of 1st period - Stopped by Jeremy Swayman with a rebound.
7:42 of 1st period - Shot by Ryan Suter.
7:42 of 1st period - Stopped by Jeremy Swayman with a rebound.
7:44 of 1st period - Shot by Grigori Denisenko.
7:44 of 1st period - Stopped by Jeremy Swayman without a rebound.
7:45 of 1st period - Radek Faksa wins face-off versus Peyton Krebs in WINNIPEG Jets zone.
8:04 of 1st period - Shot by Juuso Valimaki.
8:04 of 1st period - Shot Misses the Net.
8:06 of 1st period - Shot by Emil Bemstrom.
8:06 of 1st period - Shot Hit the Post.
8:08 of 1st period - Shot by Emil Bemstrom.
8:08 of 1st period - Shot Misses the Net.
8:10 of 1st period - Shot by Sonny Milano.
8:10 of 1st period - Stopped by Jeremy Swayman with a rebound.
8:12 of 1st period - Shot by Sonny Milano.
8:12 of 1st period - Stopped by Jeremy Swayman without a rebound.
8:13 of 1st period - Jesperi Kotkaniemi wins face-off versus Nick Suzuki in WINNIPEG Jets zone.
8:27 of 1st period - Icing by Aliaksei Protas.
8:28 of 1st period - Jesperi Kotkaniemi wins face-off versus Nick Suzuki in DALLAS Stars zone.
8:56 of 1st period - Shot by Conor Timmins.
8:56 of 1st period - Stopped by Jeremy Swayman without a rebound.
8:57 of 1st period - Nick Suzuki wins face-off versus Peyton Krebs in WINNIPEG Jets zone.
9:26 of 1st period - Ryan Suter is hit by Rasmus Dahlin and loses puck.
9:29 of 1st period - Shot by Nicklas Backstrom.
9:29 of 1st period - Shot Misses the Net.
9:31 of 1st period - Shot by Juuso Valimaki.
9:31 of 1st period - Stopped by Jeremy Swayman without a rebound.
9:32 of 1st period - Logan Couture wins face-off versus Peyton Krebs in WINNIPEG Jets zone.
9:53 of 1st period - Shot by Clayton Keller.
9:53 of 1st period - Stopped by Matthew Villalta without a rebound.
9:54 of 1st period - Nick Suzuki wins face-off versus Jesperi Kotkaniemi in DALLAS Stars zone.
9:59 of 1st period - Shot by Nick Suzuki.
9:59 of 1st period - Deflect By Brandon Hagel.
9:59 of 1st period - Stopped by Matthew Villalta without a rebound.
10:00 of 1st period - Brandon Hagel wins face-off versus Jesperi Kotkaniemi in DALLAS Stars zone.
10:09 of 1st period - Shot by Brandon Hagel.
10:09 of 1st period - Shot Blocked by Jesperi Kotkaniemi.
10:24 of 1st period - Nick Suzuki is hit by Jesperi Kotkaniemi and loses puck.
11:30 of 1st period - Clayton Keller is hit by Peyton Krebs and loses puck.
13:14 of 1st period - Icing by Ryan Suter.
13:15 of 1st period - Alexander Radulov wins face-off versus Logan Couture in DALLAS Stars zone.
13:20 of 1st period - Shot by Clayton Keller.
13:20 of 1st period - Stopped by Matthew Villalta without a rebound.
13:21 of 1st period - Sonny Milano wins face-off versus Logan Couture in DALLAS Stars zone.
13:21 of 1st period - Sonny Milano is hit by Clayton Keller.
13:45 of 1st period - Icing by Brian Dumoulin.
13:46 of 1st period - Jesperi Kotkaniemi wins face-off versus Logan Couture in WINNIPEG Jets zone.
13:49 of 1st period - Shot by Jesperi Kotkaniemi.
13:49 of 1st period - Stopped by Jeremy Swayman without a rebound.
13:50 of 1st period - Jesperi Kotkaniemi wins face-off versus Nick Suzuki in WINNIPEG Jets zone.
13:57 of 1st period - Jesperi Kotkaniemi is hit by Nick Suzuki and loses puck.
14:11 of 1st period - Shot by Mathew Barzal.
14:11 of 1st period - Shot Misses the Net.
15:07 of 1st period - Shot by Sonny Milano.
15:07 of 1st period - Stopped by Jeremy Swayman without a rebound.
15:08 of 1st period - Alexander Radulov wins face-off versus Logan Couture in WINNIPEG Jets zone.
15:26 of 1st period - Off-side.
15:27 of 1st period - Sonny Milano wins face-off versus Radek Faksa in neutral zone.
15:27 of 1st period - Sonny Milano is hit by Tim Stutzle.
15:41 of 1st period - Shot by Troy Terry.
15:41 of 1st period - Stopped by Matthew Villalta without a rebound.
15:42 of 1st period - Nick Suzuki wins face-off versus Nicklas Backstrom in DALLAS Stars zone.
15:49 of 1st period - Shot by Nick Suzuki.
15:49 of 1st period - Shot Misses the Net.
15:51 of 1st period - Shot by Nick Suzuki.
15:51 of 1st period - Stopped by Matthew Villalta with a rebound.
15:53 of 1st period - Shot by Brandon Hagel.
15:53 of 1st period - Shot Misses the Net.
15:55 of 1st period - Shot by Mathew Barzal.
15:55 of 1st period - The goal is going for a video replay.
15:55 of 1st period - The goal is refused.
15:56 of 1st period - Peyton Krebs wins face-off versus Logan Couture in DALLAS Stars zone.
16:27 of 1st period - Shot by Logan Couture.
16:27 of 1st period - Shot Misses the Net.
16:29 of 1st period - Shot by Brian Dumoulin.
16:29 of 1st period - Stopped by Matthew Villalta without a rebound.
16:30 of 1st period - Jesperi Kotkaniemi wins face-off versus Nick Suzuki in DALLAS Stars zone.
16:45 of 1st period - Shot by Brandon Hagel.
16:45 of 1st period - Shot Misses the Net.
16:58 of 1st period - Brandon Hagel is hit by Darren Raddysh and loses puck.
17:08 of 1st period - Shot by Brandon Hagel.
17:08 of 1st period - Shot Misses the Net.
17:21 of 1st period - Icing by Darren Raddysh.
17:22 of 1st period - Jesperi Kotkaniemi wins face-off versus Radek Faksa in DALLAS Stars zone.
17:57 of 1st period - Shot by Peyton Krebs.
17:57 of 1st period - Stopped by Jeremy Swayman with a rebound.
18:42 of 1st period - Shot by Paul Cotter.
18:42 of 1st period - Deflect By Nicklas Backstrom.
18:42 of 1st period - Stopped by Jeremy Swayman with a rebound.
18:55 of 1st period - Trevor van Riemsdyk is hit by Ben Hutton and loses puck.
19:46 of 1st period - Shot by Darren Raddysh.
19:46 of 1st period - Stopped by Jeremy Swayman without a rebound.
19:47 of 1st period - Peyton Krebs wins face-off versus Nick Suzuki in WINNIPEG Jets zone.
19:47 of 1st period - Sonny Milano is hit by Travis Sanheim and loses puck.
19:58 of 1st period - Shot by Evan Bouchard.
19:58 of 1st period - Stopped by Matthew Villalta without a rebound.
19:59 of 1st period - Jesperi Kotkaniemi wins face-off versus Mathew Barzal in DALLAS Stars zone.
Goals for this period are 0 for WINNIPEG Jets vs 0 for DALLAS Stars.
Shots for this period are 12 for WINNIPEG Jets vs 14 for DALLAS Stars.

2nd period


0:01 of 2nd period - Peyton Krebs wins face-off versus Brandon Hagel in neutral zone.
0:09 of 2nd period - Shot by Sonny Milano.
0:09 of 2nd period - Stopped by Jeremy Swayman without a rebound.
0:10 of 2nd period - Jesperi Kotkaniemi wins face-off versus Nick Suzuki in WINNIPEG Jets zone.
0:41 of 2nd period - Brendan Gallagher is hit by Brandon Hagel and loses puck.
1:09 of 2nd period - Miro Heiskanen is hit by Peyton Krebs and loses puck.
1:19 of 2nd period - Icing by Conor Timmins.
1:20 of 2nd period - Peyton Krebs wins face-off versus Radek Faksa in DALLAS Stars zone.
1:20 of 2nd period - Peyton Krebs is hit by Tim Stutzle.
1:32 of 2nd period - Evan Bouchard is hit by Darren Raddysh.
1:39 of 2nd period - Minor Penalty to Travis Sanheim for Cross-checking.
1:40 of 2nd period - Jesperi Kotkaniemi wins face-off versus Nick Suzuki in WINNIPEG Jets zone.
1:41 of 2nd period - Shot by Conor Timmins.
1:41 of 2nd period - Stopped by Jeremy Swayman without a rebound.
1:42 of 2nd period - Nick Suzuki wins face-off versus Jesperi Kotkaniemi in WINNIPEG Jets zone.
2:45 of 2nd period - Shot by Ben Hutton.
2:45 of 2nd period - Stopped by Jeremy Swayman without a rebound.
2:46 of 2nd period - Radek Faksa wins face-off versus Peyton Krebs in WINNIPEG Jets zone.
2:46 of 2nd period - Radek Faksa is hit by Sonny Milano.
3:04 of 2nd period - Shot by Sonny Milano.
3:04 of 2nd period - Shot Misses the Net.
3:06 of 2nd period - Shot by Peyton Krebs.
3:06 of 2nd period - Stopped by Jeremy Swayman without a rebound.
3:07 of 2nd period - Jesperi Kotkaniemi wins face-off versus Radek Faksa in WINNIPEG Jets zone.
3:53 of 2nd period - Shot by Nicklas Backstrom.
3:53 of 2nd period - Shot Misses the Net.
3:56 of 2nd period - Icing by Travis Sanheim.
3:57 of 2nd period - Jesperi Kotkaniemi wins face-off versus Mathew Barzal in WINNIPEG Jets zone.
4:50 of 2nd period - Off-side.
4:51 of 2nd period - Logan Couture wins face-off versus Aliaksei Protas in neutral zone.
4:51 of 2nd period - Logan Couture is hit by Peyton Krebs.
5:28 of 2nd period - Clayton Keller is hit by Ryan Suter.
5:34 of 2nd period - Shot by Logan Couture.
5:34 of 2nd period - Shot Blocked by Sonny Milano.
5:36 of 2nd period - Shot by Miro Heiskanen.
5:36 of 2nd period - Stopped by Matthew Villalta with a rebound.
6:03 of 2nd period - Darren Raddysh is hit by Rasmus Dahlin and loses puck.
6:12 of 2nd period - Shot by Andreas Johnsson.
6:12 of 2nd period - Shot Blocked by Tim Stutzle.
6:24 of 2nd period - Shot by Alexander Radulov.
6:24 of 2nd period - Shot Misses the Net.
6:26 of 2nd period - Shot by Darren Raddysh.
6:26 of 2nd period - Shot Misses the Net.
7:06 of 2nd period - Brandon Hagel is hit by Sean Walker and loses puck.
7:57 of 2nd period - Off-side.
7:58 of 2nd period - Peyton Krebs wins face-off versus Logan Couture in neutral zone.
9:17 of 2nd period - Shot by Tim Stutzle.
9:17 of 2nd period - Shot Blocked by Juuso Valimaki.
9:19 of 2nd period - Shot by Troy Terry.
9:19 of 2nd period - Deflect By Tim Stutzle.
9:19 of 2nd period - Goal by Tim Stutzle - WINNIPEG Jets : 1 - DALLAS Stars : 0.
9:20 of 2nd period - Mathew Barzal wins face-off versus Alexander Radulov in neutral zone.
9:23 of 2nd period - Juuso Valimaki is hit by Ilya Mikheyev and loses puck.
10:30 of 2nd period - Shot by Jesperi Kotkaniemi.
10:30 of 2nd period - Stopped by Jeremy Swayman without a rebound.
10:31 of 2nd period - Logan Couture wins face-off versus Paul Cotter in WINNIPEG Jets zone.
10:50 of 2nd period - Paul Cotter is hit by Clayton Keller and loses puck.
11:01 of 2nd period - Shot by Logan Couture.
11:01 of 2nd period - Shot Misses the Net.
11:39 of 2nd period - Shot by Troy Terry.
11:39 of 2nd period - Goal by Troy Terry - WINNIPEG Jets : 2 - DALLAS Stars : 0.
11:39 of 2nd period - Carter Hart enters game.
11:40 of 2nd period - Peyton Krebs wins face-off versus Brandon Hagel in neutral zone.
12:11 of 2nd period - Shot by Evan Bouchard.
12:11 of 2nd period - Goal by Evan Bouchard - WINNIPEG Jets : 3 - DALLAS Stars : 0.
12:12 of 2nd period - Radek Faksa wins face-off versus Emil Bemstrom in neutral zone.
12:49 of 2nd period - Shot by Troy Terry.
12:49 of 2nd period - Shot Misses the Net.
12:51 of 2nd period - Shot by Troy Terry.
12:51 of 2nd period - Stopped by Carter Hart without a rebound.
12:52 of 2nd period - Logan Couture wins face-off versus Peyton Krebs in DALLAS Stars zone.
13:03 of 2nd period - Shot by Alexander Kerfoot.
13:03 of 2nd period - Shot Blocked by Juuso Valimaki.
13:05 of 2nd period - Shot by Rasmus Dahlin.
13:05 of 2nd period - Stopped by Carter Hart with a rebound.
13:07 of 2nd period - Shot by Rasmus Dahlin.
13:07 of 2nd period - Stopped by Carter Hart without a rebound.
13:08 of 2nd period - Alexander Radulov wins face-off versus Nick Suzuki in DALLAS Stars zone.
13:08 of 2nd period - Alexander Radulov is hit by Nick Suzuki.
14:09 of 2nd period - Peyton Krebs is hit by Miro Heiskanen and loses puck.
14:31 of 2nd period - Clayton Keller is hit by Conor Timmins and loses puck.
14:54 of 2nd period - Rasmus Dahlin is hit by Sonny Milano and loses puck.
15:27 of 2nd period - Shot by Radek Faksa.
15:27 of 2nd period - Stopped by Carter Hart without a rebound.
15:28 of 2nd period - Nick Suzuki wins face-off versus Jesperi Kotkaniemi in DALLAS Stars zone.
15:28 of 2nd period - Nick Suzuki is hit by Juuso Valimaki.
16:38 of 2nd period - Shot by Cam Atkinson.
16:38 of 2nd period - Stopped by Jeremy Swayman without a rebound.
16:39 of 2nd period - Radek Faksa wins face-off versus Grigori Denisenko in WINNIPEG Jets zone.
17:35 of 2nd period - Juuso Valimaki is hit by Tim Stutzle and loses puck.
18:07 of 2nd period - Brendan Gallagher is hit by Rasmus Dahlin and loses puck.
18:23 of 2nd period - Icing by Conor Timmins.
18:24 of 2nd period - Jesperi Kotkaniemi wins face-off versus Nick Suzuki in DALLAS Stars zone.
18:44 of 2nd period - Nick Suzuki is hit by Darren Raddysh and loses puck.
19:11 of 2nd period - Brandon Hagel is hit by Sean Walker and loses puck.
Goals for this period are 3 for WINNIPEG Jets vs 0 for DALLAS Stars.
Shots for this period are 8 for WINNIPEG Jets vs 6 for DALLAS Stars.

3rd period


0:01 of 3rd period - Nick Suzuki wins face-off versus Brendan Gallagher in neutral zone.
0:15 of 3rd period - Shot by Nick Suzuki.
0:15 of 3rd period - Stopped by Carter Hart without a rebound.
0:16 of 3rd period - Logan Couture wins face-off versus Peyton Krebs in DALLAS Stars zone.
0:21 of 3rd period - Shot by Clayton Keller.
0:21 of 3rd period - Deflect By Alexander Kerfoot.
0:21 of 3rd period - Shot Blocked by Conor Timmins.
0:23 of 3rd period - Shot by Rasmus Dahlin.
0:23 of 3rd period - Goal by Rasmus Dahlin - WINNIPEG Jets : 4 - DALLAS Stars : 0.
0:23 of 3rd period - Matthew Villalta enters game.
0:24 of 3rd period - Nick Suzuki wins face-off versus Peyton Krebs in neutral zone.
0:26 of 3rd period - Off-side.
0:27 of 3rd period - Jesperi Kotkaniemi wins face-off versus Nick Suzuki in neutral zone.
0:45 of 3rd period - Minor Penalty to Ryan Suter for High sticking.
0:46 of 3rd period - Logan Couture wins face-off versus Grigori Denisenko in DALLAS Stars zone.
0:47 of 3rd period - Shot by Tim Stutzle.
0:47 of 3rd period - Stopped by Matthew Villalta without a rebound.
0:48 of 3rd period - Nick Suzuki wins face-off versus Grigori Denisenko in DALLAS Stars zone.
0:52 of 3rd period - Clayton Keller is hit by Ben Hutton and loses puck.
1:23 of 3rd period - Icing by Clayton Keller.
1:24 of 3rd period - Nick Suzuki wins face-off versus Grigori Denisenko in WINNIPEG Jets zone.
2:03 of 3rd period - Shot by Tim Stutzle.
2:03 of 3rd period - Shot Misses the Net.
2:05 of 3rd period - Shot by Logan Couture.
2:05 of 3rd period - Shot Misses the Net.
2:07 of 3rd period - Shot by Travis Sanheim.
2:07 of 3rd period - Shot Misses the Net.
2:09 of 3rd period - Shot by Travis Sanheim.
2:09 of 3rd period - Stopped by Matthew Villalta without a rebound.
2:10 of 3rd period - Sonny Milano wins face-off versus Logan Couture in DALLAS Stars zone.
2:19 of 3rd period - Shot by Mathew Barzal.
2:19 of 3rd period - Shot Misses the Net.
2:28 of 3rd period - Travis Sanheim is hit by Sean Walker and loses puck.
2:39 of 3rd period - Shot by Tim Stutzle.
2:39 of 3rd period - Shot Blocked by Ben Hutton.
2:41 of 3rd period - Shot by Logan Couture.
2:41 of 3rd period - Goal by Logan Couture - WINNIPEG Jets : 5 - DALLAS Stars : 0.
2:42 of 3rd period - Radek Faksa wins face-off versus Jesperi Kotkaniemi in neutral zone.
2:45 of 3rd period - Jesperi Kotkaniemi is hit by Troy Terry and loses puck.
2:56 of 3rd period - Shot by Emil Bemstrom.
2:56 of 3rd period - Shot Blocked by Rasmus Dahlin.
3:06 of 3rd period - Shot by Jesperi Kotkaniemi.
3:06 of 3rd period - Stopped by Jeremy Swayman without a rebound.
3:07 of 3rd period - Paul Cotter wins face-off versus Mathew Barzal in WINNIPEG Jets zone.
3:16 of 3rd period - Shot by Paul Cotter.
3:16 of 3rd period - Shot Misses the Net.
3:28 of 3rd period - Shot by Cam Atkinson.
3:28 of 3rd period - Shot Misses the Net.
3:30 of 3rd period - Shot by Juuso Valimaki.
3:30 of 3rd period - Shot Misses the Net.
3:32 of 3rd period - Shot by Juuso Valimaki.
3:32 of 3rd period - Goal by Juuso Valimaki - WINNIPEG Jets : 5 - DALLAS Stars : 1.
3:33 of 3rd period - Logan Couture wins face-off versus Jesperi Kotkaniemi in neutral zone.
3:46 of 3rd period - Shot by Emil Bemstrom.
3:46 of 3rd period - Deflect By Jesperi Kotkaniemi.
3:46 of 3rd period - Stopped by Jeremy Swayman without a rebound.
3:47 of 3rd period - Peyton Krebs wins face-off versus Radek Faksa in WINNIPEG Jets zone.
3:51 of 3rd period - Peyton Krebs is hit by Evan Bouchard and loses puck.
4:10 of 3rd period - Shot by Peyton Krebs.
4:10 of 3rd period - Shot Blocked by Evan Bouchard.
5:10 of 3rd period - Shot by Jesperi Kotkaniemi.
5:10 of 3rd period - Shot Misses the Net.
5:14 of 3rd period - Shot by Jesperi Kotkaniemi.
5:14 of 3rd period - Deflect By Emil Bemstrom.
5:14 of 3rd period - Stopped by Jeremy Swayman without a rebound.
5:15 of 3rd period - Logan Couture wins face-off versus Alexander Radulov in WINNIPEG Jets zone.
5:25 of 3rd period - Icing by Sean Walker.
5:26 of 3rd period - Logan Couture wins face-off versus Alexander Radulov in DALLAS Stars zone.
6:22 of 3rd period - Icing by Sean Walker.
6:23 of 3rd period - Alexander Radulov wins face-off versus Nick Suzuki in DALLAS Stars zone.
6:45 of 3rd period - Shot by Sonny Milano.
6:45 of 3rd period - Stopped by Jeremy Swayman without a rebound.
6:46 of 3rd period - Radek Faksa wins face-off versus Jesperi Kotkaniemi in WINNIPEG Jets zone.
7:03 of 3rd period - Icing by Darren Raddysh.
7:04 of 3rd period - Jesperi Kotkaniemi wins face-off versus Nick Suzuki in DALLAS Stars zone.
7:16 of 3rd period - Icing by Miro Heiskanen.
7:17 of 3rd period - Peyton Krebs wins face-off versus Nick Suzuki in WINNIPEG Jets zone.
7:34 of 3rd period - Shot by Brandon Hagel.
7:34 of 3rd period - Stopped by Matthew Villalta without a rebound.
7:35 of 3rd period - Logan Couture wins face-off versus Jesperi Kotkaniemi in DALLAS Stars zone.
7:35 of 3rd period - Rasmus Dahlin is hit by Conor Timmins and loses puck.
7:48 of 3rd period - Shot by Logan Couture.
7:48 of 3rd period - Stopped by Matthew Villalta with a rebound.
7:50 of 3rd period - Shot by Logan Couture.
7:50 of 3rd period - Deflect By Alexander Kerfoot.
7:50 of 3rd period - Stopped by Matthew Villalta with a rebound.
7:56 of 3rd period - Shot by Logan Couture.
7:56 of 3rd period - Stopped by Matthew Villalta without a rebound.
7:57 of 3rd period - Nick Suzuki wins face-off versus Peyton Krebs in DALLAS Stars zone.
8:01 of 3rd period - Icing by Juuso Valimaki.
8:02 of 3rd period - Nick Suzuki wins face-off versus Peyton Krebs in DALLAS Stars zone.
8:40 of 3rd period - Peyton Krebs is hit by Miro Heiskanen and loses puck.
9:10 of 3rd period - Icing by Darren Raddysh.
9:11 of 3rd period - Jesperi Kotkaniemi wins face-off versus Alexander Kerfoot in DALLAS Stars zone.
9:11 of 3rd period - Jesperi Kotkaniemi is hit by Alexander Kerfoot.
9:45 of 3rd period - Icing by Jesperi Kotkaniemi.
9:46 of 3rd period - Radek Faksa wins face-off versus Jesperi Kotkaniemi in DALLAS Stars zone.
10:25 of 3rd period - Shot by Troy Terry.
10:25 of 3rd period - Stopped by Matthew Villalta without a rebound.
10:26 of 3rd period - Nick Suzuki wins face-off versus Cam Atkinson in DALLAS Stars zone.
10:45 of 3rd period - Shot by Cam Atkinson.
10:45 of 3rd period - Shot Misses the Net.
11:06 of 3rd period - Minor Penalty to Brandon Hagel for Tripping.
11:07 of 3rd period - Nick Suzuki wins face-off versus Jesperi Kotkaniemi in WINNIPEG Jets zone.
11:13 of 3rd period - Icing by Jesperi Kotkaniemi.
11:14 of 3rd period - Nick Suzuki wins face-off versus Jesperi Kotkaniemi in DALLAS Stars zone.
11:25 of 3rd period - Shot by Jesperi Kotkaniemi.
11:25 of 3rd period - Shot Misses the Net.
12:54 of 3rd period - Shot by Emil Bemstrom.
12:54 of 3rd period - Stopped by Jeremy Swayman without a rebound.
12:55 of 3rd period - Nick Suzuki wins face-off versus Peyton Krebs in WINNIPEG Jets zone.
13:15 of 3rd period - Icing by Logan Couture.
13:16 of 3rd period - Logan Couture wins face-off versus Paul Cotter in WINNIPEG Jets zone.
13:24 of 3rd period - Sean Walker is hit by Travis Sanheim and loses puck.
13:51 of 3rd period - Shot by Alexander Kerfoot.
13:51 of 3rd period - Stopped by Matthew Villalta without a rebound.
13:52 of 3rd period - Nick Suzuki wins face-off versus Alexander Radulov in DALLAS Stars zone.
13:52 of 3rd period - Nick Suzuki is hit by Darren Raddysh.
14:00 of 3rd period - Shot by Brandon Hagel.
14:00 of 3rd period - Stopped by Matthew Villalta without a rebound.
14:01 of 3rd period - Peyton Krebs wins face-off versus Nick Suzuki in DALLAS Stars zone.
14:43 of 3rd period - Icing by Juuso Valimaki.
14:44 of 3rd period - Peyton Krebs wins face-off versus Alexander Kerfoot in DALLAS Stars zone.
14:46 of 3rd period - Icing by Juuso Valimaki.
14:47 of 3rd period - Logan Couture wins face-off versus Peyton Krebs in DALLAS Stars zone.
15:53 of 3rd period - Icing by Conor Timmins.
15:54 of 3rd period - Jesperi Kotkaniemi wins face-off versus Radek Faksa in DALLAS Stars zone.
16:01 of 3rd period - Evan Bouchard is hit by Jesperi Kotkaniemi and loses puck.
16:28 of 3rd period - Off-side.
16:29 of 3rd period - Nick Suzuki wins face-off versus Alexander Radulov in neutral zone.
17:14 of 3rd period - Shot by Brandon Hagel.
17:14 of 3rd period - Shot Blocked by Ben Hutton.
18:33 of 3rd period - Shot by Travis Sanheim.
18:33 of 3rd period - Shot Blocked by Juuso Valimaki.
18:35 of 3rd period - Shot by Evan Bouchard.
18:35 of 3rd period - Stopped by Matthew Villalta with a rebound.
18:37 of 3rd period - Shot by Travis Sanheim.
18:37 of 3rd period - Shot Hit the Post.
18:41 of 3rd period - Shot by Troy Terry.
18:41 of 3rd period - Shot Misses the Net.
19:18 of 3rd period - Shot by Jaden Schwartz.
19:18 of 3rd period - Shot Blocked by Juuso Valimaki.
19:32 of 3rd period - Shot by Ilya Mikheyev.
19:32 of 3rd period - Shot Blocked by Ryan Suter.
19:34 of 3rd period - Shot by Miro Heiskanen.
19:34 of 3rd period - Deflect By Ilya Mikheyev.
19:34 of 3rd period - Stopped by Matthew Villalta without a rebound.
19:35 of 3rd period - Logan Couture wins face-off versus Jesperi Kotkaniemi in DALLAS Stars zone.
19:46 of 3rd period - Shot by Logan Couture.
19:46 of 3rd period - Stopped by Matthew Villalta without a rebound.
19:47 of 3rd period - Logan Couture wins face-off versus Paul Cotter in DALLAS Stars zone.
Goals for this period are 2 for WINNIPEG Jets vs 1 for DALLAS Stars.
Shots for this period are 15 for WINNIPEG Jets vs 6 for DALLAS Stars. Output by the SimonT Hockey Simulator (STHS) for Martin Benoit - Original Page W3C HTML5 Valid
Hockey Simulator - Hockey Simulation - Hockey Manager